 Dungeon Crawl Stone Soup version 0.27-a0-46-g34d46f0a3f (webtiles) character file.

Game seed: 9398524045891167029

214 Borgoz the Shield-Bearer (level 6, -6/42 HPs)
             Began as a Halfling Fighter on Jan 7, 2021.
             Killed by nerve-wracking pain
             ... invoked by a shadow imp
              (14 damage)
             ... on level 4 of the Dungeon.
             The game lasted 00:03:58 (2971 turns).

Borgoz the Shield-Bearer (Halfling Fighter)         Turns: 2971, Time: 00:03:58

Health: -6/42      AC:  7    Str: 18    XL:     6   Next: 14%
Magic:  6/6        EV: 11    Int:  6    God:
Gold:   173        SH: 10    Dex: 15    Spells: 5/5 levels left

rFire    . . .     SeeInvis .   a - +0 rapier
rCold    . . .     Faith    .   c - +0 kite shield
rNeg     . . .     Spirit   .   t - +0 ring mail (curse)
rPois    .         Reflect  .   (no helmet)
rElec    .         Harm     .   s - scarf {repulsion}
rCorr    .         Rampage  .   (no gloves)
Will     .....                  r - +0 pair of boots
Stlth    +.........             (no amulet)
HPRegen  0.14/turn              (no ring)
MPRegen  0.10/turn              (no ring)

@: repel missiles
A: small, mutation resistance 1
a: no special abilities


You were on level 4 of the Dungeon.
You visited 1 branch of the dungeon, and saw 4 of its levels.

You collected 173 gold pieces.

Inventory:

Hand Weapons
 a - a +0 rapier (weapon)
Armour
 c - a +0 kite shield (worn)
 r - a +0 pair of boots (worn)
 s - a scarf of repulsion (worn)
 t - a cursed +0 ring mail (worn)
Jewellery
 e - an uncursed ring of ice
Scrolls
 b - a scroll of teleportation {unknown}
 f - 2 scrolls of fear {unknown}
 g - 3 scrolls of amnesia {unknown}
 i - a scroll of magic mapping {unknown}
 k - a scroll of remove curse {unknown}
 l - a scroll of noise {unknown}
 n - a scroll of blinking {unknown}
Potions
 d - a potion of might
 h - 3 potions of magic
 j - 2 potions of curing
 m - a potion of haste
 o - a potion of brilliance
 p - 2 potions of cancellation
 q - a potion of resistance


   Skills:
 * Level 3.4 Fighting
 * Level 3.8 Short Blades
 * Level 4.2 Armour
 + Level 1.5 Dodging
 + Level 1.9 Stealth
 * Level 4.3 Shields


You had 5 spell levels left.
You didn't know any spells.
Your spell library was empty.

Dungeon Overview and Level Annotations

Branches:
Dungeon (4/15)
 Temple: D:4-7

Altars:
Trog
Vehumet


Innate Abilities, Weirdness & Mutations

You are small and have problems with some larger weapons.
You are somewhat resistant to further mutation.


Message History

The phantom hits you but does no damage.
You puncture the phantom!
You destroy the phantom!
You have reached level 6!
Your experience leads to an increase in your attributes!
Increase (S)trength, (I)ntelligence, or (D)exterity?
You feel stronger.
You start resting.
A shadow imp comes into view.
A shadow imp is nearby!
The shadow imp shouts, "Slither away, thou peaked idle-headed gonus!"
The shadow imp gestures at you. Pain shoots through your body!
* * * LOW HITPOINT WARNING * * *
The shadow imp hits you.
* * * LOW HITPOINT WARNING * * *
You barely miss the shadow imp. The shadow imp gestures at you.
Pain shoots through your body!
You die...

..#.......#.............
..######'##.............
............############
............#
............#
............#
............###
..##+##.........
#@........ #5.........
#.......... #..........
#......... #........
#........ #........


You could see a shadow imp.

Vanquished Creatures
  A phantom (D:4)
  An orc priest (D:4)
  2 adders
  A worm (D:3)
  2 dart slugs
  5 orcs (D:3)
  9 giant cockroaches
  8 hobgoblins
  4 jackals (D:2)
  10 kobolds
  5 bats
  6 frilled lizards
  6 goblins
  5 rats
65 creatures vanquished.

Notes
Turn   | Place    | Note
-------+----------+-------------------------------------------
     0 | D:1      | Borgoz the Halfling Fighter began the quest for the Orb.
     0 | D:1      | Reached XP level 1. HP: 15/15 MP: 1/1
   212 | D:1      | Reached XP level 2. HP: 20/20 MP: 2/2
   339 | D:1      | Reached XP level 3. HP: 25/25 MP: 3/3
   396 | D:1      | Reached skill level 1 in Dodging
  1343 | D:2      | Reached XP level 4. HP: 31/31 MP: 4/4
  1794 | D:3      | Reached skill level 1 in Stealth
  1979 | D:3      | Found a bloodstained altar of Trog.
  1979 | D:3      | Found a radiant altar of Vehumet.
  2715 | D:4      | Reached XP level 5. HP: 23/36 MP: 5/5
  2842 | D:4      | Noticed a phantom
  2892 | D:4      | Killed a phantom
  2893 | D:4      | Reached XP level 6. HP: 11/42 MP: 6/6
  2971 | D:4      | Killed from afar by a shadow imp

Illustrated notes

Levels and vault maps discovered:
D:1:      beargit_arrival_greenhouse, layout_basic, hex_large
D:2:      layout_basic
D:3:      layout_basic, nicolae_overflow_hidden_temple
D:4:      layout_gridville

Skill      XL: |  1  2  3  4 |
---------------+-------------+-----
Dodging        | 1 |  1.5
Fighting       | 3 |  3.4
Short Blades   | 3 |  3.8
Stealth        | 1 |  1.9
Armour         | 4 |  4.2
Shields        | 4 |  4.3

Action                   |  1- 3 |  4- 6 || total
-------------------------+-------+-------++-------
Melee: Rapier            |   128 |   131 ||   259
  Use: Scroll            |       |     8 ||     8
Armor: Scale mail        |    54 |    10 ||    64
       Ring mail         |       |    11 ||    11
Dodge: Dodged            |    49 |    52 ||   101
Block: Kite shield       |    69 |    62 ||   131

Table legend: (Time is in decaauts)
 A = Elapsed time spent in this place.
 B = Non-inter-level travel time spent in this place.
 C = Inter-level travel time spent in this place.
 D = Time resting spent in this place.
 E = Time spent auto-exploring this place.
 F = Levels seen in this place.
 G = Mean time per level.
                   A        B        C        D        E       F      G
               +--------+--------+--------+--------+--------+-----+--------+
         Total |   3005 |   2892 |    113 |    169 |   2153 |   4 |  751.2 |
       Dungeon |   3005 |   2892 |    113 |    169 |   2153 |   4 |  751.2 |
               +--------+--------+--------+--------+--------+-----+--------+

Top non-repeatable levels by time:
     D:2: 981 daAuts
     D:3: 961 daAuts
     D:1: 784 daAuts
     D:4: 278 daAuts
